 Dungeon Crawl Stone Soup version 0.29-a0-1027-gcd8c55af63 (webtiles) character file.

Game seed: 2445841953742922685

16 2tc the Digger (level 2, -1/17 HPs)
             Began as an Octopode Earth Elementalist on Aug 12, 2022.
             Was a Follower of Ru.
             Slain by a kobold
             ... wielding a +0 whip
              (4 damage)
             ... on level 1 of the Dungeon.
             The game lasted 00:03:20 (964 turns).

2tc the Digger (Octopode Earth Elementalist)         Turns: 964, Time: 00:03:20

Health: -1/17      AC:  1    Str:  7    XL:     2   Next: 58%
Magic:  4/5        EV: 13    Int: 17    God:    Ru [*.....]
Gold:   21         SH:  0    Dex: 12    Spells: 4/5 levels left

rFire   . . .      SeeInvis .   c - +0 hand axe
rCold   . . .      Faith    .   (no shield)
rNeg    . . .      Spirit   .   (helmet restricted)
rPois   .          Reflect  .   (no amulet)
rElec   .          Harm     .   (no ring)
rCorr   .          Rampage  .   (no ring)
Will    .....                   (no ring)
Stlth   +++.......              (no ring)
HPRegen 0.05/turn               (no ring)
MPRegen 0.09/turn               (no ring)
                                (no ring)
                                (no ring)

@: no status effects
A: almost no armour, amphibious, 8 rings, camouflage 1, gelatinous body 1, hated
by all, (nimble swimmer 1), tentacles
a: Renounce Religion


You were on level 1 of the Dungeon.
You worshipped Ru.
Ru was aware of your devotion.
You visited 1 branch of the dungeon, and saw 1 of its levels.

You collected 21 gold pieces.

Inventory:

Hand Weapons
 c - a +0 hand axe (weapon)
Potions
 a - a potion of magic
 b - a potion of berserk rage
 d - 2 potions of heal wounds


   Skills:
 - Level 2.0 Dodging
 - Level 2.6 Stealth
 - Level 2.0 Spellcasting
 - Level 1.0 Transmutations
 * Level 3.8 Earth Magic


You had 4 spell levels left.
You knew the following spells:

 Your Spells              Type           Power      Damage    Failure   Level
a - Sandblast             Erth           28%        2d8       4%          1

Your spell library contained the following spells:

 Spells                   Type           Power      Damage    Failure   Level
 Passwall                 Tmut/Erth      8%         N/A       11%         2
 Stone Arrow              Conj/Erth      16%        3d8       26%         3
 Petrify                  Tmut/Erth      10%        N/A       56%         4


Dungeon Overview and Level Annotations

Branches:
Dungeon (1/15)

Altars:
Ru


Innate Abilities, Weirdness & Mutations

You cannot wear most types of armour.
You are amphibious.
You can wear up to eight rings at the same time.
Your skin changes colour to match your surroundings (Stealth+).
Your rubbery body absorbs attacks. (AC +1, EV +1)
You are hated by all.
((You are camouflaged when in or above water. (Stealth+)))
You have tentacles for arms and can constrict up to eight enemies at once.


Message History

You hit the goblin.
You kill the goblin!
You hit the bush but do no damage.
You see here a +0 club.
A rat comes into view.
The helpless rat fails to defend itself.
You hit the rat.
You kill the rat!
No target in view!
A kobold comes into view. It is wielding a +0 dagger.
Found a stone staircase leading down.
The helpless kobold fails to defend itself.
You hit the kobold. You grab the kobold.
The kobold is heavily wounded.
You constrict the kobold, but do no damage.
The kobold hits you but does no damage.
You hit the kobold.
You kill the kobold!
No target in view!
You see here a +0 dagger.
You see here a +0 dagger.
A kobold comes into view. It is wielding a +0 whip.
The kobold hits you with a +0 whip.
You barely miss the kobold. Your grab misses the kobold.
The kobold hits you with a +0 whip. x2
You are too injured to fight recklessly!
You are too injured to fight recklessly!
You closely miss the kobold. Your grab misses the kobold.
Your squeeze misses the kobold. The kobold closely misses you.
Casting: Sandblast (safe; 4% risk of failure)
Confirm with . or Enter, or press ? or * to list all spells.
Aiming: Sandblast (safe; 4% risk of failure)
Press: ? - help, Shift-Dir - straight line, f - kobold
Aim: a kobold, wielding a +0 whip (77% to hit)
The blast of sand hits the kobold.
The kobold is severely wounded.
The kobold hits you with a +0 whip.
* * * LOW HITPOINT WARNING * * *
The kobold hits you with a +0 whip.
You die...

##.# ##.#.## ...# ##.##
##.############.#
...##...........#
......###########
......## #### ##.#...#
#.. (..#...# #K#
####...# ####@####
#...# #.......# #...#
#.##.##.# ####...#
#.##.# #
..##...######.#..# # .
♣♣............#.##
.##..
P...............###....
.......................
....###'###........##.


You could see a kobold.

Vanquished Creatures
  A dart slug (D:1)
  An endoplasm (D:1)
  A giant cockroach (D:1)
  2 hobgoblins (D:1)
  2 jackals (D:1)
  A kobold (D:1)
  A bat (D:1)
  2 goblins (D:1)
  2 rats (D:1)
13 creatures vanquished.

Vanquished Creatures (others)
  2 plants (D:1)
2 creatures vanquished.

Grand Total: 15 creatures vanquished

Notes
Turn   | Place    | Note
-------+----------+-------------------------------------------
     0 | D:1      | 2tc the Octopode Earth Elementalist began the quest for the
                  | Orb.
     0 | D:1      | Reached XP level 1. HP: 11/11 MP: 3/3
   440 | D:1      | Reached XP level 2. HP: 17/17 MP: 5/5
   443 | D:1      | Found a faded altar of an unknown god.
   451 | D:1      | Prayed at the altar of an unknown god.
   451 | D:1      | Became a worshipper of Ru the Awakened
   452 | D:1      | Gained mutation: You are hated by all. [Ru sacrifice]
   452 | D:1      | Reached * piety under Ru
   964 | D:1      | Slain by a kobold

Illustrated notes

Levels and vault maps discovered:
D:1:      heliophobic_arrival_ceremonial_halls, layout_loops_cross,
          ebering_ecumenical_altar_petrified, serial_forest,
          infiniplex_forest_clump_tiny, infiniplex_forest_straight_3,
          infiniplex_forest_clump_cross, infiniplex_forest_diagonal,
          infiniplex_forest_clump_small, infiniplex_forest_corner_1,
          infiniplex_forest_end_double

Action                   || total
-------------------------++-------
Melee: Unarmed           ||     5
       Hand axe          ||    16
       Constrict         ||     5
       Tentacles         ||     5
 Cast: Sandblast         ||     9
Invok: Sacrifice Love    ||     1
  Use: Scroll            ||     4
 Stab: Sleeping          ||     5
Armor: Skin              ||     3
Dodge: Dodged            ||    16

Table legend: (Time is in decaauts)
 A = Elapsed time spent in this place.
 B = Non-inter-level travel time spent in this place.
 C = Inter-level travel time spent in this place.
 D = Time resting spent in this place.
 E = Time spent auto-exploring this place.
 F = Levels seen in this place.
 G = Mean time per level.
                   A        B        C        D        E       F      G
               +--------+--------+--------+--------+--------+-----+--------+
         Total |    976 |    976 |      0 |     55 |    775 |   1 |  976.0 |
       Dungeon |    976 |    976 |      0 |     55 |    775 |   1 |  976.0 |
               +--------+--------+--------+--------+--------+-----+--------+

Top non-repeatable levels by time:
     D:1: 976 daAuts
